 Dungeon Crawl Stone Soup version 0.25-a0-1056-g2efb326896 (webtiles) character file.

Game seed: 16930138026603783191, levelgen mode: classic

176 Amnesiac the Shooter (level 5, -2/29 HPs)
             Began as a Deep Elf Gladiator on May 13, 2020.
             Killed by divine providence
             ... invoked by an orc priest
              (14 damage)
             ... on level 4 of the Dungeon.
             The game lasted 00:06:12 (888 turns).

Amnesiac the Shooter (Deep Elf Gladiator)            Turns: 888, Time: 00:06:12

Health: -2/29      AC:  6    Str: 12    XL:     5   Next: 30%
Magic:  7/7        EV: 12    Int: 13    God:
Gold:   45         SH:  0    Dex: 16    Spells: 4/4 levels left

rFire    . . .     SeeInvis .   a - +0 quarterstaff
rCold    . . .     Gourm    .   (shield currently unavailable)
rNeg     . . .     Faith    .   i - +0 ring mail
rPois    .         Spirit   .   c - +0 helmet
rElec    .         Reflect  .   (no cloak)
rCorr    .         Harm     .   (no gloves)
MR       .....                  (no boots)
Stlth    +.........             h - amulet of the acrobat
HPRegen  0.09/turn              (no ring)
MPRegen  0.10/turn              (no ring)

@: no status effects
A: no striking features
a: no special abilities


You were on level 4 of the Dungeon.
You were not hungry.

You visited 1 branch of the dungeon, and saw 4 of its levels.

You collected 45 gold pieces.

Inventory:

Hand Weapons
 a - a +0 quarterstaff (weapon)
 e - a +0 shortbow
Missiles
 d - 3 throwing nets (quivered)
Armour
 c - a +0 helmet (worn)
 i - a +0 ring mail (worn)
Jewellery
 h - an amulet of the acrobat (around neck)
Comestibles
 f - 2 rations
 g - 5 chunks of flesh


   Skills:
 - Level 1.5 Fighting
 - Level 4.0 Staves
 * Level 4.6 Bows
 - Level 2.0 Throwing
 + Level 0.5 Armour
 - Level 3.6 Dodging


You had 4 spell levels left.
You didn't know any spells.
Your spell library was empty.

Dungeon Overview and Level Annotations

Branches:
Dungeon (4/15)
 Temple: D:4-7

Altars:


Message History

The walls and floor vibrate strangely for a moment.
An orc comes into view. It is wielding a +0 flail.
The orc hits you but does no damage. The orc barely misses you.
There is a stone staircase leading up, spattered with blood here.
Unknown command.
The orc shouts!
You hit the orc.
The orc is severely wounded.
The orc hits you but does no damage.
You closely miss the orc.
The orc is severely wounded.
You barely miss the orc.
The orc is severely wounded.
The orc hits you but does no damage.
You hit the orc.
You kill the orc!
You sock the orc!
You kill the orc!
No target in view!
No target in view!
Things that are here:
a +0 flail; a +0 war axe There isn't anything to butcher here.
You hit the orc priest.
The orc priest is moderately wounded.
The orc priest hits you but does no damage.
You hit the orc priest.
The orc priest is moderately wounded.
The orc priest hits you but does no damage.
An orc comes into view. It is wielding a +0 hand axe.
The orc shouts!
You hit the orc priest but do no damage.
The orc priest is moderately wounded.
The orc priest invokes the aid of Beogh against you.
Pain shoots through your body!
You hit the orc priest.
The orc priest is heavily wounded.
The orc priest looks encouraged for a moment.
The orc priest hits you.
* * * LOW HITPOINT WARNING * * *
Unknown command.
You hit the orc priest but do no damage.
The orc priest is heavily wounded.
The orc priest hits you but does no damage.
Unknown command.
You hit the orc priest but do no damage.
The orc priest is heavily wounded.
The orc priest closely misses you.
Unknown command.
You barely miss the orc priest.
The orc priest is heavily wounded.
The orc priest closely misses you.
Unknown command.
You barely miss the orc priest.
The orc priest is heavily wounded.
The orc priest invokes the aid of Beogh against you.
You struggle to resist.
Unknown command.
You barely miss the orc priest.
The orc priest is heavily wounded.
The orc hits you but does no damage.
The orc priest invokes the aid of Beogh against you.
Beogh smites you!
You die...

.###..#..#...#..........
.# #.......#............
.###..#..#...#..........
...)..#........#.#...#.#
####.##....#####.......#
#.####..# #.#.....#
####)####).#####.#.....#
o.##....)<.##..........#
#.#######.###.##@####.##
#.#######.# #...oo....#
#.....[...###..#......#
#########.......#.##.##
#.###..%.#. ..
##.##....###. ##
#.........# .
#.###)#.... . #.# .. #


You could see an orc priest and an orc.

Vanquished Creatures
  A howler monkey (D:4)
  A crimson imp (D:4)
  2 orc wizards (D:4)
  2 adders (D:3)
  A dart slug (D:3)
  A leopard gecko (D:1)
  8 orcs
  A giant cockroach (D:1)
  3 hobgoblins
  2 frilled lizards
22 creatures vanquished.

Notes
Turn   | Place    | Note
-------+----------+-------------------------------------------
     0 | D:1      | Amnesiac the Deep Elf Gladiator began the quest for the
                  | Orb.
     0 | D:1      | Reached XP level 1. HP: 12/12 MP: 3/3
   205 | D:4      | Noticed a crimson imp
   213 | D:4      | Killed a crimson imp
   213 | D:4      | Reached XP level 2. HP: 15/16 MP: 4/4
   213 | D:4      | Reached XP level 3. HP: 19/20 MP: 5/5
   442 | D:4      | Reached XP level 4. HP: 12/25 MP: 6/6
   610 | D:3      | Reached XP level 5. HP: 13/29 MP: 7/7
   888 | D:4      | Killed from afar by an orc priest

Illustrated notes

Levels and vault maps discovered:
D:1:      dpeg_arrival_windows_large_door, layout_loops_corners,
          serial_park_tiny_pond
D:2:      layout_loops_ring, roderic_roman_lattice, uniq_natasha
D:3:      layout_basic
D:4:      layout_loops_cross, kennysheep_mini_moat,
          minmay_temple_entry_enclosed_plants, gup_sewer_entry_bowl,
          serial_shops, shop, nicolae_shop_crystal

Skill      XL: |  1  2  3  4 |
---------------+-------------+-----
Bows           | 2 3 4 |  4.6
Staves         | 4 |  4.0
Fighting       | |  1.5
Throwing       | |  2.0
Armour         | |  0.5
Dodging        | |  3.6

Action                   |  1- 3 |  4- 6 || total
-------------------------+-------+-------++-------
Melee: Quarterstaff      |    46 |    49 ||    95
Throw: Throwing net      |       |     3 ||     3
 Stab: Sleeping          |     1 |       ||     1
       Held in net/web   |       |     1 ||     1
Armor: Leather armour    |     6 |     2 ||     8
       Ring mail         |       |    12 ||    12
Dodge: Dodged            |    30 |    18 ||    48

Table legend:
 A = Non-vault XP
 B = Vault XP
 C = Vault XP percentage of total XP
 D = Non-vault monster count
 E = Vault monster count
 F = Vault count percentage of total count
                 A         B        C        D         E       F
            +---------+---------+-------+---------+---------+-------
      Total |     252 |       0 |   0.0 |      22 |       0 |   0.0
            +---------+---------+-------+---------+---------+-------
        D:1 |       8 |       0 |   0.0 |       4 |       0 |   0.0
        D:2 |       2 |       0 |   0.0 |       1 |       0 |   0.0
        D:3 |      41 |       0 |   0.0 |       7 |       0 |   0.0
        D:4 |     201 |       0 |   0.0 |      10 |       0 |   0.0
            +---------+---------+-------+---------+---------+-------
